[Event "Your Next Move GCT 2017-Blitz"]
[Site "Leuven"]
[Date "2017.07.02"]
[Round "15"]
[White "Aronian, Levon"]
[Black "Carlsen, Magnus"]
[Result "1/2-1/2"]
[ECO "E11"]
[WhiteElo "2793"]
[BlackElo "2832"]
[Annotator ""]
[PlyCount "100"]
[EventDate "2017.??.??"]
[EventType "blitz"]
[EventCountry "BEL"]
[SourceTitle "playchess.com"]
[Source "ChessBase"]
[SourceQuality "1"]
[TimeControl "300+3"]

1. d4 {(0)} Nf6 {(3)} 2. c4 {(3)} e6 {(
03)} 3. Nf3 {(3)} Bb4+ {(3)} 4. Nbd2 {(6)}
d6 {(9)} 5. g3 {(18)} c5 {(5)} 6. Bg2 {(
25)} Nc6 {(10)} 7. dxc5 {(3)} Bxc5 {(5)} 8.
O-O {(6)} O-O {(3)} 9. Nb3 {(7)} Bb6 {(
03)} 10. Qc2 {(32)} h6 {(5)} 11. Rd1 {(5)}
Qe7 {(3)} 12. Nbd4 {(13)} Nxd4 {(12)} 13. Nxd4 {
(3)} Rd8 {(3)} 14. b3 {(18)} d5 {(9]
} 15. cxd5 {(3)} Nxd5 {(3)} 16. Bb2 {(3)} Bd7
{(18)} 17. e3 {(13)} Rac8 {(3)} 18. Qe2 {
(3)} Be8 {(9)} 19. Nf5 {(28)} exf5 {(
03)} 20. Rxd5 {(3)} Bc6 {(48)} 21. Rxd8+ {(42)}
Qxd8 {(4)} 22. Rd1 {(23)} Qe8 {(3)} 23. Bxc6 {
(9)} Rxc6 {(3)} 24. Qd3 {(1:07)} Qe6 {(
18)} 25. Rd2 {(13)} h5 {(32)} 26. h4 {(3)} Kh7 {
(41)} 27. Kg2 {(13)} Kg6 {(9)} 28. Bd4 {(
07)} Qd5+ {(3)} 29. f3 {(4)} Bxd4 {(14)} 30.
Qxd4 {(6)} Qxd4 {(3)} 31. exd4 {(4)} Kf6 {
(3)} 32. f4 {(3)} Rc3 {(7)} 33. Kf2 {(
03)} Ke6 {(3)} 34. Re2+ {(3)} Kd6 {(3)} 35.
Re3 {(3)} Rc1 {(3)} 36. a4 {(5)} g6 {(
03)} 37. Ke2 {(3)} Kd5 {(15)} 38. Re7 {(3)}
Rc3 {(12)} 39. Rxb7 {(3)} a5 {(3)} 40. Kf2 {
(3)} Kxd4 {(3)} 41. b4 {(3)} Rc2+ {(
03)} 42. Kf3 {(3)} Rc3+ {(3)} 43. Kg2 {(3)}
Rc2+ {(4)} 44. Kh3 {(3)} axb4 {(30)} 45. Rxb4+
{(3)} Kd5 {(12)} 46. Rb7 {(3)} Ke6 {(
03)} 47. a5 {(3)} Ra2 {(3)} 48. Rb6+ {(3)} Kd5
{(5)} 49. Rb7 {(3)} Rxa5 {(4)} 50. Rxf7 {
(3)} Ke6 {(3)} 1/2-1/2

[Event "Your Next Move GCT 2017-Blitz"]
[Site "Leuven"]
[Date "2017.07.02"]
[Round "15"]
[White "Giri, Anish"]
[Black "Jobava, Baadur"]
[Result "1-0"]
[ECO "A49"]
[WhiteElo "2771"]
[BlackElo "2707"]
[Annotator ""]
[PlyCount "59"]
[EventDate "2017.??.??"]
[EventType "blitz"]
[EventCountry "BEL"]
[SourceTitle "playchess.com"]
[Source "ChessBase"]
[SourceQuality "1"]
[TimeControl "300+3"]

1. Nf3 {(0)} Nf6 {(3)} 2. d4 {(3)} g6 {
(3)} 3. g3 {(3)} Bg7 {(3)} 4. Bg2 {(
03)} O-O {(3)} 5. O-O {(3)} d6 {(3)} 6. b3 {
(3)} a5 {(14)} 7. Nc3 {(29)} d5 {(7)}
8. Ne5 {(3)} c6 {(3)} 9. Na4 {(20)} Nfd7 {
(5)} 10. Nf3 {(14)} b5 {(3)} 11. Nb2 {(
04)} c5 {(27)} 12. c4 {(10)} dxc4 {(7)} 13.
bxc4 {(3)} b4 {(3)} 14. a3 {(3)} Bb7 {(
03)} 15. axb4 {(6)} axb4 {(7)} 16. Rxa8 {(
03)} Bxa8 {(3)} 17. Nd3 {(12)} cxd4 {(9)} 18.
Nxb4 {(3)} Nc5 {(17)} 19. Nd3 {(15)} Ne4 {
(5)} 20. Qc2 {(3)} Nc6 {(12)} 21. e3 {(
03)} Nc3 {(27)} 22. Bb2 {(22)} e5 {(4)} 23.
exd4 {(3)} Nxd4 {(18)} 24. Nxd4 {(3)} Bxg2 {
(5)} 25. Ne6 {(45)} Qa8 {(47)} 26. Ra1 {(
03)} Qe4 {(19)} 27. Re1 {(44)} Qf3 {(1:04)} 28.
Ng5 {(21)} Qa8 {(51)} 29. Bxc3 {(22)} h6 {
(3)} 30. f3 {(3)} 1-0

[Event "Your Next Move GCT 2017-Blitz"]
[Site "Leuven"]
[Date "2017.07.02"]
[Round "15"]
[White "Nepomniachtchi, Ian"]
[Black "So, Wesley"]
[Result "1/2-1/2"]
[ECO "C45"]
[WhiteElo "2732"]
[BlackElo "2812"]
[Annotator ""]
[PlyCount "95"]
[EventDate "2017.??.??"]
[EventType "blitz"]
[EventCountry "BEL"]
[SourceTitle "playchess.com"]
[Source "ChessBase"]
[SourceQuality "1"]
[TimeControl "300+3"]

1. e4 {(0)} e5 {(3)} 2. Nf3 {(3)} Nc6 {
(3)} 3. d4 {(3)} exd4 {(3)} 4. Nxd4 Nf6 {
(3)} 5. Nxc6 {(6)} bxc6 {(3)} 6. e5 {(
03)} Qe7 {(3)} 7. Qe2 {(3)} Nd5 {(3)} 8. h4
{(3)} d6 {(15)} 9. c4 {(5)} Nb6 {(3]
} 10. exd6 {(7)} Qxe2+ {(25)} 11. Bxe2 {(3)}
cxd6 {(3)} 12. Nc3 {(3)} Be6 {(3)} 13. b3 {
(4)} d5 {(3)} 14. cxd5 {(3)} Nxd5 {(
04)} 15. Bd2 {(4)} Rd8 {(16)} 16. Ne4 {(4)} Nb4
{(17)} 17. O-O {(47)} Bf5 {(11)} 18. Bxb4 {
(23)} Bxb4 {(3)} 19. Bf3 {(3)} O-O {(
09)} 20. Rfc1 {(3)} Rd4 {(15)} 21. Ng3 {(11)}
Be6 {(3)} 22. h5 {(13)} c5 {(9)} 23. Ne4 {
(17)} Ba3 {(6)} 24. Rc2 {(8)} Bf5 {(
15)} 25. Re1 {(5)} Rfd8 {(10)} 26. g4 {(5)} Be6
{(23)} 27. Re3 {(27)} Bb4 {(18)} 28. Be2 {
(7)} h6 {(14)} 29. f3 {(11)} Bd5 {(3]
} 30. Bc4 {(25)} Bxe4 {(5)} 31. fxe4 {(3)} Rd1+
{(7)} 32. Kg2 {(4)} Kf8 {(18)} 33. Rf3 {
(6)} R8d2+ {(6)} 34. Rxd2 {(3)} Rxd2+ {
(3)} 35. Kh3 {(5)} f6 {(12)} 36. e5 {(
03)} Ke7 {(3)} 37. exf6+ {(3)} gxf6 {(3)}
38. Re3+ {(3)} Kf8 {(3)} 39. a4 {(12)} Rd6 {
(10)} 40. Kg2 {(12)} Bd2 {(3)} 41. Re2 {(
10)} Bc3 {(6)} 42. Kf3 {(3)} Be5 {(5)} 43.
Rc2 {(22)} Rd4 {(7)} 44. Be6 {(4)} Ke7 {
(3)} 45. Bf5 {(3)} Kd6 {(3)} 46. Ke2 {(
12)} a5 {(4)} 47. Rc3 {(13)} Rxg4 {(18)} 48.
Bxg4 {(12)} 1/2-1/2

[Event "Your Next Move GCT 2017-Blitz"]
[Site "Leuven"]
[Date "2017.07.02"]
[Round "15"]
[White "Vachier Lagrave, Maxime"]
[Black "Kramnik, Vladimir"]
[Result "0-1"]
[ECO "C44"]
[WhiteElo "2890"]
[BlackElo "2808"]
[Annotator ""]
[PlyCount "146"]
[EventDate "2017.??.??"]
[EventType "blitz"]
[EventCountry "BEL"]
[SourceTitle "playchess.com"]
[Source "ChessBase"]
[SourceQuality "1"]
[TimeControl "300+3"]

1. e4 {(0)} e5 {(3)} 2. Nf3 {(3)} Nc6 {
(3)} 3. d4 {(3)} exd4 {(3)} 4. Bc4 {(
03)} Bc5 {(5)} 5. O-O {(5)} d6 {(9)} 6. b4
{(21)} Bb6 {(10)} 7. Bb2 {(3)} Bg4 {(
10)} 8. Nbd2 {(5)} Nf6 {(6)} 9. h3 {(3)} Bxf3
{(4)} 10. Nxf3 {(4)} O-O {(4)} 11. Nxd4 {
(7)} Bxd4 {(38)} 12. Bxd4 {(3)} Nxe4 {(
10)} 13. Bb2 {(4)} Qh4 {(6)} 14. b5 {(10)}
Ne5 {(6)} 15. Bd5 {(3)} Nc5 {(33)} 16. f4 {
(14)} Ned7 {(3)} 17. Qd4 {(27)} Qf6 {(
03)} 18. Qb4 {(6)} Qf5 {(3)} 19. Bf3 {(11)}
Qxc2 {(17)} 20. Rac1 {(3)} Qg6 {(14)} 21. f5 {
(3)} Qg5 {(3)} 22. Qd4 {(11)} Rfe8 {(
05)} 23. Rce1 {(23)} Ne5 {(3)} 24. Be2 {(20)}
Qg3 {(3)} 25. Rd1 {(15)} f6 {(12)} 26. Bc1 {
(3)} Kh8 {(8)} 27. Kh1 {(25)} Rad8 {(
14)} 28. Bh5 {(3)} Rf8 {(10)} 29. Bf4 {(33)} Qh4
{(32)} 30. Be2 {(3)} g5 {(4)} 31. fxg6 {
(24)} Ne6 {(3)} 32. Qe3 {(17)} Nxf4 {(
07)} 33. Rxf4 {(3)} Qg5 {(8)} 34. gxh7 {(3)}
Ng6 {(13)} 35. Re4 {(3)} d5 {(8)} 36. Qxg5 {
(5)} fxg5 {(3)} 37. Rg4 {(3)} Nf4 {(
16)} 38. Bf3 {(13)} Nxh3 {(3)} 39. Rd2 {(7)} c6
{(3)} 40. bxc6 {(13)} bxc6 {(3)} 41. Kh2 {
(3)} Nf4 {(3)} 42. Rxg5 {(3)} Rd6 {(
04)} 43. Rb2 {(6)} Rh6+ {(5)} 44. Kg3 {(3)}
Ne6 {(6)} 45. Rg4 {(6)} Rxh7 {(13)} 46. Rc2 {
(3)} Rc7 {(10)} 47. Rc1 {(7)} Rg8 {(
07)} 48. Kf2 {(11)} Rxg4 {(8)} 49. Bxg4 {(3)}
Ng5 {(3)} 50. Ke3 {(3)} Kg7 {(4)} 51. Kd4 {
(6)} Kf6 {(4)} 52. Rf1+ {(3)} Ke7 {(
03)} 53. Rf5 {(8)} Ne4 {(10)} 54. Ke5 {(3)} Nd6
{(3)} 55. Rh5 {(3)} Nf7+ {(3)} 56. Kd4 {
(3)} Kd6 {(3)} 57. Bf3 {(5)} c5+ {(
03)} 58. Ke3 {(6)} Re7+ {(3)} 59. Kf4 {(5)}
Ne5 {(3)} 60. Rh6+ {(7)} Re6 {(3)} 61. Rh7 {
(3)} Nxf3 {(4)} 62. Kxf3 {(3)} c4 {(
04)} 63. Rxa7 {(3)} Kc5 {(3)} 64. Rc7+ {(3)}
Kd4 {(3)} 65. g4 {(3)} c3 {(3)} 66. g5 {
(3)} Kd3 {(3)} 67. Kf4 {(3)} c2 {(
03)} 68. Kf5 {(3)} Re7 {(3)} 69. Rc5 {(3)} d4
{(3)} 70. g6 {(3)} Kd2 {(3)} 71. Kf6 {(
03)} Ra7 {(7)} 72. g7 {(5)} Rxg7 {(3)} 73.
Kxg7 {(3)} d3 {(3)} 0-1

[Event "Your Next Move GCT 2017-Blitz"]
[Site "Leuven"]
[Date "2017.07.02"]
[Round "16"]
[White "Anand, Viswanathan"]
[Black "Nepomniachtchi, Ian"]
[Result "0-1"]
[ECO "B06"]
[WhiteElo "2786"]
[BlackElo "2732"]
[Annotator ""]
[PlyCount "122"]
[EventDate "2017.??.??"]
[EventType "blitz"]
[EventCountry "BEL"]
[SourceTitle "playchess.com"]
[Source "ChessBase"]
[SourceQuality "1"]
[TimeControl "300+3"]

1. e4 {(0)} g6 {(3)} 2. d4 {(3)} Nf6 {(
03)} 3. e5 {(3)} Nh5 {(3)} 4. Be2 {(3)} d6
{(3)} 5. Nf3 {(3)} Nc6 {(3)} 6. exd6 {(
03)} exd6 {(3)} 7. O-O {(3)} Bg7 {(3)} 8.
Bg5 {(7)} Nf6 {(3)} 9. Re1 {(7)} Ne7 {(
07)} 10. Bd3 {(21)} h6 {(3)} 11. Be3 {(10)}
O-O {(5)} 12. Nc3 {(4)} Nf5 {(9)} 13. Bxf5 {
(8)} Bxf5 {(3)} 14. d5 {(3)} a6 {(
12)} 15. Bd4 {(7)} Qd7 {(3)} 16. Qd2 {(6)} g5
{(3)} 17. h4 {(7)} g4 {(10)} 18. Nh2 {(
03)} Nh5 {(48)} 19. Bxg7 {(7)} Kxg7 {(3)}
20. Nf1 {(3)} Rae8 {(12)} 21. Ne2 {(8)} Re5 {
(15)} 22. Neg3 {(11)} Nxg3 {(4)} 23. Nxg3 {
(3)} Rfe8 {(6)} 24. c4 {(39)} Bg6 {(
05)} 25. h5 {(10)} Bxh5 {(14)} 26. Nxh5+ {(17)}
Rxh5 {(3)} 27. Rxe8 {(3)} Qxe8 {(3)} 28. Qd4+
{(3)} Qe5 {(3)} 29. Qxg4+ {(12)} Rg5 {(
03)} 30. Qf3 {(9)} Qxb2 {(4)} 31. Re1 {(3)}
Qf6 {(7)} 32. Qh3 {(19)} Qd4 {(13)} 33. Qb3 {
(15)} b6 {(6)} 34. Rd1 {(9)} Qe4 {(
08)} 35. Qc3+ {(23)} Kg8 {(10)} 36. Qh3 {(4)}
Kg7 {(8)} 37. Rc1 {(3)} a5 {(10)} 38. a4 {
(3)} Qd4 {(8)} 39. Qf3 {(3)} Qg4 {(
16)} 40. Qxg4 {(4)} Rxg4 {(3)} 41. Kf1 {(3)}
Kf6 {(3)} 42. f3 {(3)} Rd4 {(7)} 43. Ke2 {
(3)} Rh4 {(31)} 44. Kd3 {(10)} Rh2 {(
05)} 45. Rg1 {(3)} h5 {(3)} 46. Ke3 {(4)} h4 {
(11)} 47. Kf4 {(6)} h3 {(3)} 48. gxh3 {(
16)} Rxh3 {(3)} 49. Ke3 {(9)} Rh4 {(3)} 50.
Kd3 {(7)} Rf4 {(9)} 51. Rg8 {(3)} Rxf3+ {
(3)} 52. Kd4 {(3)} Ke7 {(3)} 53. Rc8 {(
03)} Kd7 {(3)} 54. Rf8 {(3)} Rf1 {(3)} 55.
Kd3 {(4)} f5 {(8)} 56. Rf7+ {(3)} Kc8 {
(3)} 57. Kc3 {(6)} Ra1 {(15)} 58. Rxf5 {
(8)} Ra3+ {(3)} 59. Kb2 {(3)} Rxa4 {(
03)} 60. Kb3 {(3)} Rb4+ {(3)} 61. Kc3 {(3)}
b5 {(6)} 0-1

[Event "Your Next Move GCT 2017-Blitz"]
[Site "Leuven"]
[Date "2017.07.02"]
[Round "16"]
[White "Carlsen, Magnus"]
[Black "Giri, Anish"]
[Result "1/2-1/2"]
[ECO "D02"]
[WhiteElo "2832"]
[BlackElo "2771"]
[Annotator ""]
[PlyCount "76"]
[EventDate "2017.??.??"]
[EventType "blitz"]
[EventCountry "BEL"]
[SourceTitle "playchess.com"]
[Source "ChessBase"]
[SourceQuality "1"]
[TimeControl "300+3"]

1. d4 {(0)} Nf6 {(3)} 2. Nf3 {(3)} d5 {
(3)} 3. Bf4 {(3)} Bf5 {(3)} 4. e3 {(
03)} e6 {(3)} 5. a3 {(23)} Bd6 {(9)} 6. Bg3 {
(3)} O-O {(4)} 7. c4 {(3)} dxc4 {(
26)} 8. Bxc4 {(3)} c5 {(3)} 9. Nc3 {(3)} Bxg3
{(13)} 10. hxg3 {(3)} Nbd7 {(8)} 11. O-O {
(8)} Rc8 {(3)} 12. Be2 {(3)} Bg4 {(
09)} 13. Rc1 {(3)} cxd4 {(13)} 14. Qxd4 {(28)}
Qb6 {(13)} 15. Qxb6 {(6)} Nxb6 {(3)} 16. Rfd1 {
(3)} h6 {(8)} 17. Nb5 {(20)} Rxc1 {(
11)} 18. Rxc1 {(3)} Rc8 {(3)} 19. Rxc8+ {(28)}
Nxc8 {(3)} 20. Kf1 {(3)} Kf8 {(3)} 21. Ne5 {
(8)} Bxe2+ {(3)} 22. Kxe2 {(3)} h5 {(
11)} 23. f3 {(4)} Ke7 {(3)} 24. e4 {(3)} a6
{(9)} 25. Nc3 {(3)} Nb6 {(4)} 26. b3 {(
03)} Nfd7 {(4)} 27. Nd3 {(3)} Kd6 {(5)} 28.
Ke3 {(3)} e5 {(4)} 29. Nd1 {(33)} Nc5 {(
07)} 30. Nxc5 {(3)} Kxc5 {(3)} 31. Nf2 {(3]
} Kd6 {(4)} 32. f4 {(15)} Nd7 {(3)} 33. Nd3 {
(3)} f6 {(16)} 34. Nb2 {(1:10)} g5 {(24]
} 35. Nc4+ {(3)} Kc6 {(38)} 36. fxe5 {(29)} Nxe5
{(14)} 37. Nxe5+ {(3)} fxe5 {(3)} 38. g4 {
(3)} h4 {(14)} 1/2-1/2

[Event "Your Next Move GCT 2017-Blitz"]
[Site "Leuven"]
[Date "2017.07.02"]
[Round "16"]
[White "Jobava, Baadur"]
[Black "Vachier Lagrave, Maxime"]
[Result "0-1"]
[ECO "B23"]
[WhiteElo "2707"]
[BlackElo "2890"]
[Annotator ""]
[PlyCount "130"]
[EventDate "2017.??.??"]
[EventType "blitz"]
[EventCountry "BEL"]
[SourceTitle "playchess.com"]
[Source "ChessBase"]
[SourceQuality "1"]
[TimeControl "300+3"]

1. e4 {(0)} c5 {(3)} 2. Nc3 {(3)} d6 {(
03)} 3. Nge2 {(3)} Nf6 {(3)} 4. g3 {(3)} g6
{(6)} 5. Bg2 {(3)} Bg7 {(3)} 6. d3 {(
03)} O-O {(3)} 7. O-O {(3)} Nc6 {(3)} 8. h3
{(3)} Rb8 {(3)} 9. f4 {(3)} Ne8 {(
03)} 10. a4 {(5)} Nc7 {(3)} 11. f5 {(4)} e6 {
(8)} 12. g4 {(4)} exf5 {(3)} 13. exf5 {
(3)} gxf5 {(3)} 14. gxf5 {(33)} Kh8 {(
03)} 15. Kh1 {(3)} Rg8 {(9)} 16. Ne4 {(5)}
Be5 {(9)} 17. c3 {(36)} Qh4 {(11)} 18. Ng1 {
(14)} Rxg2 {(31)} 19. Kxg2 {(4)} Bd7 {(
03)} 20. Bg5 {(10)} Rg8 {(3)} 21. Qg4 {(3)}
Qxg4+ {(16)} 22. hxg4 {(3)} Ne8 {(1:01)} 23. Nf3 {
(4)} Kg7 {(3)} 24. Be3 {(48)} Kf8 {(
10)} 25. Kh3 {(18)} h5 {(5)} 26. Nxe5 {(6)}
Nxe5 {(3)} 27. gxh5 {(3)} Nxd3 {(11)} 28. h6 {
(15)} Bc6 {(3)} 29. h7 {(13)} Rh8 {(
03)} 30. Bh6+ {(3)} Ke7 {(3)} 31. f6+ {(4)}
Kd7 {(5)} 32. Ng5 {(3)} Be4 {(6)} 33. Bg7 {
(27)} Rxh7+ {(3)} 34. Nxh7 {(11)} Bxh7 {(
03)} 35. Kg3 {(10)} Nc7 {(3)} 36. Rh1 {(8)}
Bg6 {(5)} 37. Rh6 {(3)} Ne5 {(4)} 38. Rd1 {
(22)} Ne6 {(8)} 39. Rh8 {(3)} Be4 {(
08)} 40. a5 {(7)} a6 {(3)} 41. b4 {(3)} c4 {
(3)} 42. Bh6 {(10)} Ng6 {(16)} 43. Rg8 {(
07)} Ne5 {(12)} 44. Be3 {(3)} Bf3 {(17)} 45.
Rd2 {(9)} Bc6 {(6)} 46. Rh2 {(8)} Nc7 {
(3)} 47. Bd4 {(6)} Nd5 {(3)} 48. Rf8 {(
11)} Ke6 {(3)} 49. Rh6 {(17)} Nxf6 {(9)} 50.
Rd8 {(3)} Ke7 {(11)} 51. Rxf6 {(3)} Kxf6 {
(3)} 52. Rxd6+ {(3)} Kf5 {(3)} 53. b5 {
(4)} Bxb5 {(5)} 54. Rd5 {(8)} f6 {(
03)} 55. Rd6 {(3)} Bc6 {(4)} 56. Kf2 {(3)}
Ng4+ {(3)} 57. Kg3 {(3)} Kg5 {(3)} 58. Rd8 {
(3)} Nh6 {(3)} 59. Be3+ {(3)} Kg6 {(
03)} 60. Bxh6 {(3)} Kxh6 {(3)} 61. Kf4 {(3)}
Kg6 {(3)} 62. Rd4 {(3)} Bb5 {(3)} 63. Rd5 {
(4)} Kf7 {(3)} 64. Kf5 {(3)} Ke7 {(
03)} 65. Rc5 {(3)} Kd6 {(4] Ke5+ Kxe5} 0-1

[Event "Your Next Move GCT 2017-Blitz"]
[Site "Leuven"]
[Date "2017.07.02"]
[Round "16"]
[White "Kramnik, Vladimir"]
[Black "Ivanchuk, Vassily"]
[Result "1/2-1/2"]
[ECO "A05"]
[WhiteElo "2808"]
[BlackElo "2738"]
[Annotator ""]
[PlyCount "123"]
[EventDate "2017.??.??"]
[EventType "blitz"]
[EventCountry "BEL"]
[SourceTitle "playchess.com"]
[Source "ChessBase"]
[SourceQuality "1"]
[TimeControl "300+3"]

1. Nf3 {(0)} Nf6 {(3)} 2. g3 {(3)} g6 {
(5)} 3. Bg2 {(3)} Bg7 {(3)} 4. O-O {(
03)} O-O {(3)} 5. d4 {(3)} d5 {(3)} 6. Nbd2
{(3)} c6 {(14)} 7. c3 {(3)} Re8 {(11]
} 8. Re1 {(3)} Bf5 {(3)} 9. Nh4 {(5)} Be6 {
(3)} 10. e4 {(7)} dxe4 {(3)} 11. Nxe4 {
(3)} Bd5 {(24)} 12. Nxf6+ {(25)} Bxf6 {(
03)} 13. Nf3 {(7)} Nd7 {(3)} 14. Bf4 {(3)}
c5 {(9)} 15. dxc5 Nxc5 {(3)} 16. Qe2 {(41)} Qb6
{(16)} 17. Be3 {(3)} Qc7 {(13)} 18. Rad1 {
(19)} Red8 {(3)} 19. Bf4 {(32)} Qb6 {(
07)} 20. h4 {(12)} Na4 {(21)} 21. Qc2 {(16)} Bc6
{(7)} 22. Rxd8+ {(27)} Rxd8 {(3)} 23. Re2 {
(3)} Qb5 {(29)} 24. Nd4 {(26)} Bxd4 {(
19)} 25. cxd4 {(3)} Bxg2 {(3)} 26. Kxg2 Nb6 27. Rxe7 {
(26)} Nd5 {(6)} 28. Re4 {(6)} Nxf4+ {(
09)} 29. Rxf4 {(3)} Qd5+ {(3)} 30. Kh2 {(5]
} Re8 {(11)} 31. Qd2 {(26)} h5 {(19)} 32. a3 {
(3)} Kg7 {(10)} 33. Qd3 {(3)} Re1 {(
09)} 34. Qf3 {(3)} Qxf3 {(6)} 35. Rxf3 {(3)}
Rd1 {(3)} 36. Rb3 {(9)} b6 {(4)} 37. Rb4 {
(3)} Kf6 {(23)} 38. Kg2 {(3)} Ke6 {(
03)} 39. Rc4 {(3)} Kd6 {(10)} 40. Kf3 {(15)} Rd2
{(5)} 41. Rb4 {(3)} Kd5 {(12)} 42. Ke3 {
(3)} Rc2 {(3)} 43. a4 {(14)} f6 {(20]
} 44. a5 {(5)} bxa5 {(3)} 45. Rb5+ {(3)} Ke6 {
(10)} 46. Rxa5 {(3)} Rxb2 {(3)} 47. Rxa7 {
(3)} Rc2 {(6)} 48. f3 {(5)} Rg2 {(
07)} 49. Kf4 {(3)} Rd2 {(12)} 50. Ra6+ {(3)}
Ke7 {(5)} 51. Ke4 {(6)} Rg2 {(3)} 52. Kd5 {
(3)} Rxg3 {(3)} 53. Ra7+ {(3)} Kd8 {(
15)} 54. Kd6 {(5)} Kc8 {(3)} 55. d5 {(16)}
Rxf3 {(3)} 56. Ke7 {(3)} g5 {(5)} 57. d6 {
(14)} Re3+ {(3)} 58. Kxf6 {(3)} gxh4 {(
03)} 59. Rh7 {(6)} h3 {(13)} 60. Rxh5 {(3)}
Kd7 {(3)} 61. Kf5 {(3)} Kxd6 {(3] Ke4 Ke5+}
62. Kg4 1/2-1/2

[Event "Your Next Move GCT 2017-Blitz"]
[Site "Leuven"]
[Date "2017.07.02"]
[Round "16"]
[White "So, Wesley"]
[Black "Aronian, Levon"]
[Result "1/2-1/2"]
[ECO "D39"]
[WhiteElo "2812"]
[BlackElo "2793"]
[Annotator ""]
[PlyCount "85"]
[EventDate "2017.??.??"]
[EventType "blitz"]
[EventCountry "BEL"]
[SourceTitle "playchess.com"]
[Source "ChessBase"]
[SourceQuality "1"]
[TimeControl "300+3"]

1. d4 {(0)} Nf6 {(3)} 2. c4 {(3)} e6 {(
03)} 3. Nf3 {(3)} d5 {(3)} 4. Nc3 {(3)} Bb4
{(3)} 5. Bg5 {(3)} dxc4 {(3)} 6. e4 {(
03)} b5 {(3)} 7. a4 {(8)} c5 {(3)} 8. axb5
{(13)} cxd4 {(3)} 9. Nxd4 {(3)} h6 {(
03)} 10. Bxf6 {(6)} Qxf6 {(3)} 11. Bxc4 {(3)}
O-O {(30)} 12. O-O {(4)} Rd8 {(18)} 13. Qb3 {
(18)} Bc5 {(3)} 14. Nf3 {(3)} Nd7 {(
03)} 15. Na4 {(4)} Bf8 {(11)} 16. Qe3 {(37)} Bb7
{(15)} 17. Rfd1 {(7)} Ne5 {(13)} 18. Nxe5 {
(16)} Qxe5 {(3)} 19. f3 {(21)} Be7 {(
25)} 20. Rxd8+ {(8)} Bxd8 {(3)} 21. Rd1 {(9)}
Bg5 {(54)} 22. Qf2 {(22)} Qc7 {(21)} 23. Nc5 {
(19)} Rd8 {(18)} 24. Rxd8+ {(7)} Bxd8 {(
03)} 25. b4 {(9)} Bc8 {(14)} 26. g3 {(5)}
Qe5 {(24)} 27. Qd2 {(15)} Bb6 {(7)} 28. Kg2 {
(3)} Bxc5 {(11)} 29. bxc5 {(4)} Qxc5 {(
03)} 30. Qd8+ {(34)} Kh7 {(3)} 31. Qd3 {(3)}
g5 {(18)} 32. h4 {(12)} gxh4 {(9)} 33. gxh4 {
(4)} Kg7 {(11)} 34. Qc3+ {(36)} e5 {(
05)} 35. f4 {(3)} Be6 {(11)} 36. Qg3+ {(3)} Kf6
{(18)} 37. fxe5+ {(14)} Qxe5 {(3)} 38. Qf3+ {
(3)} Kg6 {(7)} 39. Bxe6 {(3)} fxe6 {(
03)} 40. Qg3+ {(11)} Kf6 {(3)} 41. Qf2+ {(3]
} Kg6 {(3)} 42. Qg3+ {(3)} Kf6 {(3)} 43. Qf2+
{(3)} 1/2-1/2

[Event "Your Next Move GCT 2017-Blitz"]
[Site "Leuven"]
[Date "2017.07.02"]
[Round "17"]
[White "Aronian, Levon"]
[Black "Anand, Viswanathan"]
[Result "1-0"]
[ECO "A21"]
[WhiteElo "2793"]
[BlackElo "2786"]
[Annotator ""]
[PlyCount "67"]
[EventDate "2017.??.??"]
[EventType "blitz"]
[EventCountry "BEL"]
[SourceTitle "playchess.com"]
[Source "ChessBase"]
[SourceQuality "1"]
[TimeControl "300+3"]

1. c4 {(0)} e5 {(3)} 2. Nc3 {(3)} Bb4 {
(3)} 3. Nd5 {(3)} Bc5 {(3)} 4. b4 {(
03)} Bf8 {(7)} 5. Bb2 {(3)} c6 {(3)} 6. Ne3 {
(3)} Bxb4 {(10)} 7. Bxe5 {(3)} Nf6 {(
03)} 8. g3 {(7)} O-O {(3)} 9. Bg2 {(3)} Re8 {
(3)} 10. Nf3 {(3)} d6 {(7)} 11. Bb2 {(
10)} Nbd7 {(5)} 12. O-O {(4)} Ne5 {(3)} 13.
Qb3 {(26)} Nxf3+ {(8)} 14. Bxf3 {(23)} Bxd2 {
(3)} 15. Rad1 {(14)} Bxe3 {(19)} 16. fxe3 {
(3)} Ne4 {(38)} 17. Rd4 {(24)} Nc5 {(
43)} 18. Qa3 {(31)} Qe7 {(21)} 19. e4 {(16)} Be6
{(10)} 20. Rfd1 {(4)} Nd7 {(5)} 21. Rxd6 {
(29)} Nb6 {(3)} 22. Qc3 {(48)} Qg5 {(
05)} 23. Ba1 {(32)} Bxc4 {(12)} 24. Bh5 {(19)}
Rxe4 {(15)} 25. Rd8+ {(19)} Re8 {(3)} 26. h4 {
(3)} Qh6 {(11)} 27. R1d6 {(13)} Be6 {(
04)} 28. Rxe6 {(8)} fxe6 {(5)} 29. Rxe8+ {(3)}
Rxe8 {(3)} 30. Bxe8 {(3)} Nd5 {(3)} 31. Qf3 {
(14)} Nf6 {(13)} 32. Bxf6 {(3)} gxf6 {(
03)} 33. Qg4+ {(3)} Kf8 {(3)} 34. Qxe6 {(3]
} 1-0

[Event "Your Next Move GCT 2017-Blitz"]
[Site "Leuven"]
[Date "2017.07.02"]
[Round "17"]
[White "Carlsen, Magnus"]
[Black "Jobava, Baadur"]
[Result "1-0"]
[ECO "C01"]
[WhiteElo "2832"]
[BlackElo "2707"]
[Annotator ""]
[PlyCount "87"]
[EventDate "2017.??.??"]
[EventType "blitz"]
[EventCountry "BEL"]
[SourceTitle "playchess.com"]
[Source "ChessBase"]
[SourceQuality "1"]
[TimeControl "300+3"]

1. e4 {(0)} e6 {(3)} 2. d4 {(3)} d5 {(
03)} 3. exd5 {(3)} exd5 {(3)} 4. Nf3 {(3)}
Bd6 {(3)} 5. c4 {(3)} c6 {(3)} 6. Nc3 {
(4)} Ne7 {(3)} 7. Bd3 {(7)} dxc4 {(
03)} 8. Bxc4 {(3)} O-O {(3)} 9. h3 {(10)} Nd7 {
(3)} 10. O-O {(3)} Nb6 {(3)} 11. Bb3 {(
05)} Ned5 {(3)} 12. Re1 {(5)} Bf5 {(5)} 13.
Ne5 {(20)} Bxe5 {(53)} 14. Rxe5 {(3)} Qd7 {
(7)} 15. Qf3 {(5)} Be6 {(27)} 16. Ne4 {(
03)} Rae8 {(3)} 17. a4 {(59)} Ne7 {(50)} 18.
Nf6+ {(1:31)} gxf6 {(9)} 19. Qxf6 {(3)} Qd8 {
(23)} 20. Rxe6 {(31)} Nbd5 {(9)} 21. Qg5+ {
(3)} Kh8 {(14)} 22. Re1 {(16)} Rg8 {(
03)} 23. Qh5 {(19)} Qb6 {(59)} 24. Bxd5 {(26)}
Nxd5 {(3)} 25. Bh6 {(4)} Qc7 {(31)} 26. Qf5 {
(4)} f6 {(8)} 27. Qf3 {(16)} Qb6 {(
06)} 28. Re4 {(13)} Qxb2 {(11)} 29. Rae1 {(3)}
Rxe4 {(3)} 30. Qxe4 {(3)} Qa3 {(10)} 31. Qe6 {
(5)} Qd3 {(17)} 32. Re4 {(8)} Qd1+ {(
03)} 33. Kh2 {(3)} Qh5 {(3)} 34. Bd2 {(7)} Qg6
{(6)} 35. Rg4 {(3)} Qe8 {(3)} 36. Rxg8+ {
(3)} Qxg8 {(3)} 37. Qd7 {(3)} Qb8+ {(
03)} 38. g3 {(3)} Qc7 {(3)} 39. Qe8+ {(3)}
Kg7 {(3)} 40. a5 {(3)} b5 {(3)} 41. axb6 {
(3)} axb6 {(3)} 42. h4 {(3)} b5 {(
03)} 43. h5 {(3)} Qe7 {(3)} 44. h6# 1-0

[Event "Your Next Move GCT 2017-Blitz"]
[Site "Leuven"]
[Date "2017.07.02"]
[Round "17"]
[White "Giri, Anish"]
[Black "So, Wesley"]
[Result "1/2-1/2"]
[ECO "A35"]
[WhiteElo "2771"]
[BlackElo "2812"]
[Annotator ""]
[PlyCount "63"]
[EventDate "2017.??.??"]
[EventType "blitz"]
[EventCountry "BEL"]
[SourceTitle "playchess.com"]
[Source "ChessBase"]
[SourceQuality "1"]
[TimeControl "300+3"]

1. c4 {(0)} c5 {(3)} 2. Nf3 {(3)} Nc6 {
(3)} 3. Nc3 {(3)} Nf6 {(3)} 4. e3 {(
03)} g6 {(11)} 5. d4 {(3)} cxd4 {(3)} 6. exd4 {
(3)} d5 {(3)} 7. cxd5 {(7)} Nxd5 {(
03)} 8. Qb3 {(3)} Nxc3 {(8)} 9. Bc4 {(6)} Nd5
{(3)} 10. Bxd5 {(3)} e6 {(3)} 11. Bxc6+ {
(3)} bxc6 {(3)} 12. O-O {(5)} Qd5 {(
03)} 13. Be3 {(3)} Be7 {(11)} 14. Rfc1 {(3)} f6
{(6)} 15. Nd2 {(3)} Kf7 {(22)} 16. Rc2 {
(28)} a5 {(9)} 17. Qc4 {(21)} Bb7 {(
49)} 18. Nb3 {(12)} Ba6 {(44)} 19. Qxd5 {(36)}
cxd5 {(3)} 20. Nxa5 {(3)} Bd3 {(21)} 21. Rc3 {
(8)} Bb5 {(6)} 22. Nb3 {(41)} Bc4 {(
15)} 23. Nc1 {(33)} Rhc8 {(3)} 24. a3 {(12)} e5
{(10)} 25. Nd3 {(11)} Ke6 {(12)} 26. Rac1 {
(6)} Rcb8 {(10)} 27. b4 {(3)} Ra6 {(
26)} 28. f4 {(20)} Bxd3 {(10)} 29. Rxd3 {(3)}
Rba8 {(3)} 30. dxe5 {(28)} fxe5 {(3)} 31. fxe5
{(14)} Rxa3 {(4)} 32. Rxa3 {(10)} 1/2-1/2